Map: Oblivion Express

Players

raincamp

  • Race: Terran Terran

raincamp

  • Race: Terran Terran
  • Spawn Location: 0:00

VOD

Have the link to the VOD?

Description

Time

  • Played on: Jan. 21, 2018, 3:52 p.m.
  • Length: 24:05
Show
View Real Time Build Order
Export as new Build Order

raincamp Terran 

Build Orders:  

Get SALT Encoding   

  12  0:05  Starport Tech Lab  
  12  0:08  SCV  
  13  0:25  SCV  
  13  0:26  Supply Depot  
  15  0:42  SCV  
  16  1:02  SCV  
  16  1:19  SCV  
  17  1:33  Command Center  
  17  1:35  SCV  
  19  1:52  SCV  
  19  2:01  Assault Galleon  
  20  2:15  SCV  
  20  2:16  Refinery  
  20  2:20  Refinery  
  21  2:31  SCV  
  21  2:49  SCV  
  22  2:51  Engineering Bay  
  22  3:06  Reaper, SCV  
  24  3:16  Reaper  
  27  3:21  SCV  
  27  3:23  SCV  
  27  3:26  Reaper  
  28  3:36  Reaper  
  28  3:38  SCV  
  31  3:40  SCV  
  31  3:49  Jetpack Overdrive  
  31  3:55  SCV  
  31  3:57  SCV  
  34  4:14  SCV  
  34  4:19  Command Center  
  34  4:25  SCV  
  36  4:31  SCV  
  36  4:36  Armory  
  37  4:42  SCV  
  37  4:48  SCV  
  37  4:49  Refinery  
  38  4:50  Refinery  
  38  4:52  LE9 Cluster Charges  
  38  4:59  SCV  
  39  5:03  Supply Depot  
  39  5:05  SCV  
  40  5:16  SCV  
  40  5:17  Assault Galleon  
  42  5:22  SCV  
  42  5:37  Reaper  
  45  5:44  SCV x2  
  45  5:47  Reaper  
  46  5:57  Reaper  
  46  5:58  Assault Galleon  
  49  6:01  Supply Depot, SCV x2  
  49  6:07  Theia Raven, Reaper  
  52  6:13  Multi-Threaded Sensors  
  52  6:17  Reaper  
  52  6:18  SCV x2  
  55  6:59  Reaper  
  56  7:00  Reaper x2  
  56  7:07  Horner Weapons Level 1  
  56  7:09  Reaper  
  58  7:10  Reaper x2  
  58  7:17  Tactical Jump  
  58  7:19  Reaper  
  58  7:20  Reaper x2  
  58  7:26  Assault Galleon  
  58  7:29  Reaper  
  59  7:30  Reaper x2  
  59  7:39  Reaper  
  62  7:40  Reaper x2  
  62  7:49  Reaper  
  66  7:50  Reaper x2  
  66  7:54  SCV  
  66  7:57  SCV  
  66  7:59  Reaper  
  68  8:01  Supply Depot  
  68  8:04  Assault Galleon  
  68  8:07  Supply Depot  
  70  8:11  SCV  
  70  8:14  SCV  
  71  8:31  SCV  
  71  8:56  Reaper  
  71  8:57  Reaper x3  
  71  8:59  Theia Raven  
  77  9:06  Reaper  
  77  9:07  Reaper x3  
  81  9:16  Reaper  
  81  9:17  Reaper x3  
  85  9:20  Reaper  
  85  9:26  Reaper  
  85  9:27  Theia Raven, Reaper x3  
  92  9:30  Reaper  
  92  9:36  Reaper  
  92  9:37  Reaper x2  
  92  9:39  Trigger Override  
  96  9:48  Fusion Core  
  96  9:57  Reaper x5  
  101  10:01  Horner Weapons Level 2  
  101  10:07  Reaper x5  
  106  10:17  Reaper x4  
  106  10:18  Supply Depot  
  110  10:34  Reaper  
  110  10:42  Unregistered Cloak System  
  110  10:48  Reaper x3  
  113  10:50  Supply Depot  
  113  10:56  Reaper  
  113  10:57  Reaper  
  113  10:58  Reaper x3  
  118  11:06  Reaper  
  118  11:07  Reaper  
  118  11:08  Reaper x3  
  123  11:14  Aerosol Stim Emitters  
  123  11:16  Reaper  
  123  11:17  Reaper  
  123  11:18  Reaper  
  126  11:21  Reaper x2  
  126  11:22  Supply Depot  
  126  11:36  Reaper  
  126  11:37  Reaper x4  
  130  11:46  Reaper  
  130  11:47  Reaper x4  
  135  11:56  Reaper x2  
  121  12:00  Reaper x2  
  121  12:06  Reaper x2  
  121  12:09  Reaper  
  125  12:10  Reaper  
  125  12:16  Reaper x2  
  125  12:19  Reaper  
  120  12:20  Reaper  
  120  12:26  Reaper x2  
  120  12:29  Reaper  
  118  12:30  Reaper, SCV x2  
  118  12:34  Assault Galleon  
  118  12:36  Reaper x2  
  118  12:39  Reaper  
  121  12:40  Reaper  
  121  12:45  Reaper  
  121  12:46  Reaper  
  121  12:47  SCV  
  121  12:49  Reaper  
  124  12:50  Reaper  
  124  12:55  Reaper  
  124  12:56  Reaper  
  124  12:59  Reaper  
  125  13:00  Reaper  
  125  13:05  Reaper  
  125  13:06  Reaper  
  125  13:09  Reaper  
  129  13:10  Reaper  
  129  13:15  Reaper  
  129  13:16  Reaper  
  129  13:19  Reaper  
  133  13:20  Reaper  
  133  13:25  Reaper  
  133  13:26  Reaper  
  133  13:29  Reaper  
  135  13:35  Reaper  
  135  13:36  Reaper x2  
  135  13:39  Reaper  
  139  13:45  Reaper  
  139  13:46  Reaper x2  
  139  13:49  Reaper  
  142  13:55  Reaper  
  141  14:19  Reaper  
  142  14:20  Reaper x3  
  142  14:29  Reaper  
  148  14:30  Reaper x3  
  148  14:31  SCV x2  
  148  14:39  Reaper, Horner Weapons Level 3  
  152  14:40  Reaper x3  
  152  14:48  SCV x2  
  152  14:49  Reaper  
  158  15:08  Reaper  
  158  15:09  Reaper  
  158  15:11  Reaper  
  158  15:15  SCV  
  158  15:36  Supply Depot  
  158  15:37  Supply Depot  
  158  15:40  Supply Depot  
  158  15:42  Supply Depot  
  158  15:44  Supply Depot  
  158  15:52  Reaper  
  158  15:56  Reaper  
  158  15:57  Reaper x2  
  158  15:58  Reaper  
  155  16:02  Reaper  
  155  16:06  Reaper  
  155  16:07  Reaper x2  
  155  16:08  Reaper  
  153  16:14  Reaper  
  153  16:16  Reaper  
  153  16:17  Reaper x2  
  153  16:18  Reaper  
  158  16:24  Reaper  
  158  16:26  Reaper  
  158  16:27  Reaper x2  
  158  16:28  Reaper  
  163  16:34  Reaper  
  163  16:36  Reaper  
  163  16:37  Reaper x2  
  163  16:38  Reaper  
  161  16:44  Reaper  
  161  16:46  Reaper  
  161  16:47  Reaper x2  
  161  16:48  Reaper  
  163  16:53  Reaper  
  163  16:56  Reaper  
  163  16:57  Reaper x3  
  168  17:03  Reaper  
  168  17:06  Reaper x2  
  168  17:07  Reaper x2  
  173  17:19  Reaper  
  175  17:20  Reaper x4  
  175  17:29  Reaper  
  177  17:30  Reaper x4  
  177  17:39  Reaper  
  166  17:40  Reaper x4  
  166  17:49  Reaper x2  
  171  17:50  Reaper x3  
  171  17:59  Reaper x4  
  177  18:00  Reaper  
  177  18:01  Horner Armor Level 1  
  177  18:09  Reaper x4  
  181  18:10  Reaper  
  181  18:19  Reaper x5  
  181  18:28  Reaper  
  181  18:29  Reaper x4  
  185  18:38  Reaper  
  185  18:39  Reaper x4  
  187  18:48  Reaper  
  187  18:49  Reaper x4  
  188  18:58  Reaper  
  188  18:59  Reaper x4  
  193  19:08  Reaper  
  193  19:09  Reaper x4  
  198  19:18  Reaper  
  198  19:19  Reaper x3  
  198  20:34  Reaper  
  198  20:35  Reaper  
  191  21:29  Reaper  
  194  21:30  Reaper x4  
  194  21:39  Reaper  
  199  21:40  Reaper x2  
  194  21:55  Reaper  
  194  21:56  Reaper x4  
  196  22:05  Reaper  
  196  22:06  Reaper x4  
  199  22:15  Reaper  
  199  22:16  Reaper  
  170  23:13  Reaper  
  159  23:29  Asteria Wraith  
  139  23:30  Asteria Wraith x3  
  139  23:36  Dominion Starport  
Show
View Real Time Build Order
Export as new Build Order

raincamp Terran 

Build Orders:  

Get SALT Encoding   

  11  2:44  Supply Depot  
  11  2:51  Supply Depot  
Tags
 
Add a new tag
Caveats
  • Supply blocks, unpowered buildings, or Contaminate may cause inaccurate times.
  • Supply counts are checked every 10 seconds.